ITL
PORTLAND PRIVATEERS @ OTSEGO BULLDOGS
09/17/2027
 
TOP OF THE 1ST
Portland Privateers batting - Pitching for Otsego Bulldogs : LHP Júlio Gracía
Pitching: LHP Júlio Gracía
Batting: RHB Luis Pineda 0-0: Ball
1-0: Foul Ball, location: 2F
1-1: Swinging Strike
1-2: Strikes out swinging
Batting: RHB Carlos Castro 0-0: Ball
1-0: Ball
2-0: Called Strike
2-1: Called Strike
2-2: SOLO HOME RUN (Flyball, 7D), Distance : 368 ft
Batting: RHB Troy Lau 0-0: Called Strike
0-1: Ball
1-1: Ball
2-1: Called Strike
2-2: Strikes out swinging
Batting: LHB Yasuhiko Onodera 0-0: Ball
1-0: Foul Ball, location: 2F
1-1: Ball
2-1: Ball
3-1: Ground out 3-1 (Groundball, 34S)
Top of the 1st over - 1 run(s), 1 hit(s), 0 error(s), 0 left on base; Portland 1 - Otsego 0
BOTTOM OF THE 1ST
Otsego Bulldogs batting - Pitching for Portland Privateers : RHP Héctor Negrón
Pitching: RHP Héctor Negrón
Batting: RHB Luis Antonio Velásquez 0-0: Fly out, F8 (Flyball, 8LS)
Batting: RHB Ryosei Yamamoto 0-0: Ball
1-0: Ball
2-0: Called Strike
2-1: Foul Ball, location: 2F
2-2: Strikes out looking
Batting: RHB Jorge Cisneros 0-0: Ball
1-0: Ball
2-0: Called Strike
2-1: Foul Ball, location: 2F
2-2: Ball
3-2: SINGLE (Line Drive, 7S)
Batting: RHB Jesús Tisnado 0-0: Ball
1-0: Called Strike
1-1: Ball
2-1: Fly out, F6 (Flyball, 6D)
Bottom of the 1st over - 0 run(s), 1 hit(s), 0 error(s), 1 left on base; Portland 1 - Otsego 0
TOP OF THE 2ND
Portland Privateers batting - Pitching for Otsego Bulldogs : LHP Júlio Gracía
Batting: RHB Santiago Zambrano 0-0: Ball
1-0: Called Strike
1-1: Ball
2-1: Called Strike
2-2: Foul Ball, location: 2F
2-2: Foul Ball, location: 2F
2-2: Ground out U3 (Groundball, 34)
Batting: RHB Luther Stoffels 0-0: Fly out, F8 (Flyball, 8LS)
Batting: LHB Dillon Beck 0-0: Ball
1-0: Foul Ball, location: 2F
1-1: Foul Ball, location: 2F
1-2: Foul Ball, location: 2F
1-2: Strikes out looking
Top of the 2nd over - 0 run(s), 0 hit(s), 0 error(s), 0 left on base; Portland 1 - Otsego 0
BOTTOM OF THE 2ND
Otsego Bulldogs batting - Pitching for Portland Privateers : RHP Héctor Negrón
Batting: RHB Ramiro Chávez 0-0: Foul Ball, location: 2F
0-1: Swinging Strike
0-2: Fly out, F9 (Flyball, 9LSF)
Batting: RHB Kyung-bok Cho 0-0: Called Strike
0-1: Ball
1-1: Foul Ball, location: 2F
1-2: Ball
2-2: Foul Ball, location: 2F
2-2: Ground out 5-3 (Groundball, 5)
Batting: LHB Martin Davis 0-0: Called Strike
0-1: Ball
1-1: Called Strike
1-2: Ball
2-2: TRIPLE (Flyball, 8RD)
Batting: RHB Carlos Luna 0-0: SINGLE (Groundball, 56D)
Martin Davis scores
Batting: RHB José Martínez 0-0: Called Strike
Carlos Luna is caught stealing 2nd base
Bottom of the 2nd over - 1 run(s), 2 hit(s), 0 error(s), 0 left on base; Portland 1 - Otsego 1
TOP OF THE 3RD
Portland Privateers batting - Pitching for Otsego Bulldogs : LHP Júlio Gracía
Batting: RHB Joe Bailey 0-0: Ground out 5-3 (Groundball, 56S)
Batting: RHB Edward Holloway 0-0: Ball
1-0: Called Strike
1-1: Called Strike
1-2: Ball
2-2: Strikes out looking
Batting: RHB Luis Pineda 0-0: Fly out, F4 (Line Drive, 4)
Top of the 3rd over - 0 run(s), 0 hit(s), 0 error(s), 0 left on base; Portland 1 - Otsego 1
BOTTOM OF THE 3RD
Otsego Bulldogs batting - Pitching for Portland Privateers : RHP Héctor Negrón
Batting: RHB José Martínez 0-0: Ball
1-0: Called Strike
1-1: Ball
2-1: Called Strike
2-2: Ball
3-2: Ground out 5-3 (Groundball, 56)
Batting: RHB Luis Antonio Velásquez 0-0: Called Strike
0-1: Ball
1-1: Foul Ball, location: 2F
1-2: Ball
2-2: Ball
3-2: Foul Ball, location: 2F
3-2: DOUBLE (Groundball, 5L)
Batting: RHB Ryosei Yamamoto 0-0: SINGLE (Groundball, 56D)
Luis Antonio Velásquez to third
Batting: RHB Jorge Cisneros 0-0: Called Strike
0-1: Foul Ball, location: 2F
0-2: Fielders Choice at 2nd, 6-4 (Groundball, 56)
Luis Antonio Velásquez scores
Batting: RHB Jesús Tisnado 0-0: Called Strike
Jorge Cisneros steals 2nd base
0-1: SINGLE (Line Drive, 8LS)
Jorge Cisneros to third
Batting: RHB Ramiro Chávez 0-0: Ball
1-0: Fly out, F3 (Popup, 3L)
Bottom of the 3rd over - 1 run(s), 3 hit(s), 0 error(s), 2 left on base; Portland 1 - Otsego 2
TOP OF THE 4TH
Portland Privateers batting - Pitching for Otsego Bulldogs : LHP Júlio Gracía
Batting: RHB Carlos Castro 0-0: Swinging Strike
0-1: Called Strike
0-2: Ball
1-2: Strikes out looking
Batting: RHB Troy Lau 0-0: Ball
1-0: Swinging Strike
1-1: Ball
2-1: Ball
3-1: Base on Balls
Batting: LHB Yasuhiko Onodera 0-0: Foul Ball, location: 2F
0-1: Called Strike
0-2: Ball
1-2: Foul Ball, location: 2F
1-2: Fly out, F5 (Popup, 5L)
Batting: RHB Santiago Zambrano 0-0: Ball
1-0: Fly out, F3 (Line Drive, 3)
Top of the 4th over - 0 run(s), 0 hit(s), 0 error(s), 1 left on base; Portland 1 - Otsego 2
BOTTOM OF THE 4TH
Otsego Bulldogs batting - Pitching for Portland Privateers : RHP Héctor Negrón
Batting: RHB Kyung-bok Cho 0-0: Ball
1-0: Foul Ball, location: 2F
1-1: TRIPLE (Flyball, 78XD)
Batting: LHB Martin Davis 0-0: Called Strike
0-1: Foul Ball, location: 2F
0-2: Ball
1-2: SINGLE (Groundball, 6MD)
Kyung-bok Cho scores
Batting: RHB Carlos Luna 0-0: Ball
1-0: Ball
2-0: Grounds into double play, 4-6-3 (Groundball, 4M)
Batting: RHB José Martínez 0-0: Ball
1-0: Called Strike
1-1: Ball
2-1: Swinging Strike
2-2: SINGLE (Flyball, 8RS)
Pitching: RHP Blaine Yarbrough
Batting: RHB Luis Antonio Velásquez 0-0: SINGLE (Groundball, 34) (infield hit)
José Martínez to second
Batting: RHB Ryosei Yamamoto 0-0: Called Strike
0-1: Swinging Strike
0-2: Fly out, F8 (Flyball, 89M)
Bottom of the 4th over - 1 run(s), 4 hit(s), 0 error(s), 2 left on base; Portland 1 - Otsego 3
TOP OF THE 5TH
Portland Privateers batting - Pitching for Otsego Bulldogs : LHP Júlio Gracía
Batting: RHB Luther Stoffels 0-0: Ball
1-0: DOUBLE (Line Drive, 7LM)
Batting: LHB Dillon Beck 0-0: Foul Ball, location: 2F
0-1: Called Strike
0-2: Ball
1-2: Ball
2-2: Strikes out swinging
Batting: RHB Joe Bailey 0-0: Swinging Strike
0-1: Ball
1-1: Foul Ball, location: 2F
1-2: Foul Ball, location: 2F
1-2: Ball
2-2: Ball
3-2: Foul Ball, location: 2F
3-2: Strikes out swinging
Batting: RHB Edward Holloway 0-0: Ball
1-0: Ball
2-0: Called Strike
2-1: Called Strike
2-2: Strikes out looking
Top of the 5th over - 0 run(s), 1 hit(s), 0 error(s), 1 left on base; Portland 1 - Otsego 3
BOTTOM OF THE 5TH
Otsego Bulldogs batting - Pitching for Portland Privateers : RHP Blaine Yarbrough
Batting: RHB Jorge Cisneros 0-0: Ball
1-0: Foul Ball, location: 2F
1-1: Ball
2-1: DOUBLE (Line Drive, 8RD)
Batting: RHB Jesús Tisnado 0-0: Swinging Strike
0-1: Reached on error, E6 (Groundball, 6)
Jorge Cisneros to third
Batting: RHB Ramiro Chávez 0-0: Called Strike
0-1: Ball
1-1: Called Strike
1-2: Ball
2-2: Ball
3-2: Strikes out swinging
Batting: RHB Kyung-bok Cho 0-0: Called Strike
0-1: Ball
1-1: Called Strike
1-2: Ball
2-2: Grounds into double play, 4-6-3 (Groundball, 34)
Bottom of the 5th over - 0 run(s), 1 hit(s), 1 error(s), 1 left on base; Portland 1 - Otsego 3
TOP OF THE 6TH
Portland Privateers batting - Pitching for Otsego Bulldogs : LHP Júlio Gracía
Batting: RHB Luis Pineda 0-0: Ball
1-0: Ball
2-0: Ball
3-0: Called Strike
3-1: Foul Ball, location: 2F
3-2: Foul Ball, location: 2F
3-2: Base on Balls
Batting: RHB Carlos Castro 0-0: Swinging Strike
0-1: Swinging Strike
0-2: Strikes out swinging
Pitching: RHP Artie Downing
Batting: RHB Troy Lau 0-0: Ball
1-0: Called Strike
1-1: Ball
2-1: Foul Ball, location: 2F
2-2: Strikes out swinging
Batting: LHB Yasuhiko Onodera 0-0: Foul Ball, location: 2F
0-1: Ball
1-1: Foul Ball, location: 2F
1-2: Reached on error, E4 (Groundball, 34)
Luis Pineda to second
Batting: RHB Santiago Zambrano 0-0: Ball
1-0: Swinging Strike
1-1: Called Strike
1-2: Strikes out looking
Top of the 6th over - 0 run(s), 0 hit(s), 1 error(s), 2 left on base; Portland 1 - Otsego 3
BOTTOM OF THE 6TH
Otsego Bulldogs batting - Pitching for Portland Privateers : RHP Blaine Yarbrough
Batting: LHB Martin Davis 0-0: Called Strike
0-1: Ball
1-1: Fly out, F9 (Flyball, 89M)
Batting: RHB Carlos Luna 0-0: Called Strike
0-1: Fly out, F9 (Line Drive, 9)
Batting: RHB José Martínez 0-0: Ball
1-0: Ball
2-0: Foul Ball, location: 2F
2-1: Swinging Strike
2-2: Ball
3-2: Base on Balls
Batting: RHB Luis Antonio Velásquez 0-0: Ball
1-0: Ball
2-0: Foul Ball, location: 2F
2-1: Fly out, F8 (Flyball, 8LM)
Bottom of the 6th over - 0 run(s), 0 hit(s), 0 error(s), 1 left on base; Portland 1 - Otsego 3
TOP OF THE 7TH
Portland Privateers batting - Pitching for Otsego Bulldogs : RHP Artie Downing
Batting: RHB Luther Stoffels 0-0: Ball
1-0: Called Strike
1-1: Called Strike
1-2: Ball
2-2: SINGLE (Flyball, 89S)
Pitching: LHP Mario Solíz
Batting: LHB Dillon Beck 0-0: Fielders Choice at 2nd, 1-6 (Groundball, 13S)
Pitching: LHP Henry Barton
Batting: RHB Joe Bailey 0-0: Ball
1-0: Called Strike
1-1: Ball
2-1: Ball
3-1: Foul Ball, location: 2F
3-2: Foul Ball, location: 2F
3-2: Grounds into double play, 5-4-3 (Groundball, 5)
Top of the 7th over - 0 run(s), 1 hit(s), 0 error(s), 0 left on base; Portland 1 - Otsego 3
BOTTOM OF THE 7TH
Otsego Bulldogs batting - Pitching for Portland Privateers : RHP Blaine Yarbrough
Batting: RHB Ryosei Yamamoto 0-0: Foul Ball, location: 2F
0-1: Ball
1-1: Called Strike
1-2: Ball
2-2: Ball
3-2: Base on Balls
Batting: RHB Jorge Cisneros 0-0: Called Strike
0-1: Fielders Choice at 2nd, 4-6 (Groundball, 4M)
Batting: RHB Jesús Tisnado 0-0: Ball
1-0: Ground out 5-3 (Groundball, 6S)
Jorge Cisneros to second
Batting: RHB Ramiro Chávez 0-0: Ball
1-0: Ball
2-0: Foul Ball, location: 2F
2-1: Called Strike
2-2: Ball
3-2: 2-RUN HOME RUN (Flyball, 7D), Distance : 393 ft
Pitching: LHP Mike Campbell
Batting: RHB Kyung-bok Cho 0-0: Swinging Strike
0-1: Called Strike
0-2: Ball
1-2: Strikes out looking
Bottom of the 7th over - 2 run(s), 1 hit(s), 0 error(s), 0 left on base; Portland 1 - Otsego 5
TOP OF THE 8TH
Portland Privateers batting - Pitching for Otsego Bulldogs : LHP Henry Barton
Batting: RHB Edward Holloway 0-0: Called Strike
0-1: Foul Ball, location: 2F
0-2: Ball
1-2: Foul Ball, location: 2F
1-2: DOUBLE (Groundball, 3L)
Batting: RHB Luis Pineda 0-0: Foul Ball, location: 2F
0-1: Ground out 5-3 (Groundball, 56)
Batting: RHB Carlos Castro 0-0: Ball
1-0: Ground out 4-3 (Groundball, 4)
Edward Holloway to third
Batting: RHB Troy Lau 0-0: Ball
1-0: Ball
Wild Pitch!
Edward Holloway scores
2-0: Ball
3-0: Called Strike
3-1: Called Strike
3-2: Base on Balls
Pitching: RHP Ricardo Trujillo
Batting: LHB Yasuhiko Onodera 0-0: Ball
1-0: Foul Ball, location: 2F
1-1: SINGLE (Line Drive, 4D)
Troy Lau to second
Batting: RHB Santiago Zambrano 0-0: Called Strike
0-1: Foul Ball, location: 2F
0-2: Ball
1-2: Strikes out swinging
Top of the 8th over - 1 run(s), 2 hit(s), 0 error(s), 2 left on base; Portland 2 - Otsego 5
BOTTOM OF THE 8TH
Otsego Bulldogs batting - Pitching for Portland Privateers : LHP Mike Campbell
Batting: LHB Martin Davis 0-0: Foul Ball, location: 2F
0-1: Foul Ball, location: 2F
0-2: Ball
1-2: Ball
2-2: Foul Ball, location: 2F
2-2: Foul Ball, location: 2F
2-2: Ball
3-2: SINGLE (Line Drive, 6D)
Batting: RHB Carlos Luna 0-0: Ball
1-0: Fly out, F9 (Flyball, 9S)
Batting: RHB José Martínez 0-0: Ball
1-0: Fly out, F9 (Flyball, 89S)
Batting: RHB Luis Antonio Velásquez 0-0: Ball
1-0: Foul Ball, location: 2F
1-1: Foul Ball, location: 2F
1-2: Foul Ball, location: 2F
1-2: Foul Ball, location: 2F
1-2: Foul Ball, location: 2F
1-2: Ball
2-2: Ground out 5-3 (Groundball, 56S)
Bottom of the 8th over - 0 run(s), 1 hit(s), 0 error(s), 1 left on base; Portland 2 - Otsego 5
TOP OF THE 9TH
Portland Privateers batting - Pitching for Otsego Bulldogs : RHP Ricardo Trujillo
Pitching: RHP Dave Johnston
Batting: RHB Luther Stoffels 0-0: Foul Ball, location: 2F
0-1: Foul Ball, location: 2F
0-2: Strikes out swinging
Batting: LHB Dillon Beck 0-0: DOUBLE (Line Drive, 9LM)
Batting: RHB Joe Bailey 0-0: Foul Ball, location: 2F
0-1: Foul Ball, location: 2F
0-2: Ball
1-2: Ball
2-2: Foul Ball, location: 2F
2-2: Foul Ball, location: 2F
2-2: Foul Ball, location: 2F
2-2: Ground out 5-3 (Groundball, 56)
Batting: RHB Edward Holloway 0-0: Ball
1-0: Swinging Strike
1-1: 2-RUN HOME RUN (Flyball, 89XD), Distance : 381 ft
Pinch Hitting: LHB Arturo López 0-0: Ground out U3 (Groundball, 34)
Top of the 9th over - 2 run(s), 2 hit(s), 0 error(s), 0 left on base; Portland 4 - Otsego 5
Thursday, March 30th, 2017 - OOTP Baseball 17.12 Build 75